AoeStats
← |GaoeG| flamingo

Arena

509430260Analyzed
2v2 RM · 5d ago on Sep 26, 2026· 72m 41s· 4 players
Game mode
Random Map
Map size
Medium (4 player)
Population
200
Speed
Normal
Resources
Standard
Victory
Conquest
Starting age
Dark Age
Ending age
Imperial Age
RankedLock teamsTeams togetherTeam positionsShared explorationLock speedFull tech treeHidden civsTurbo modeCheats
Victory
Defeat
🇪🇸 Huns · Spain
1373
+15
🇪🇸 Spanish · Spain
1280
+19
🇩🇪 Spanish · Germany
1338
-17
🇩🇪 Franks · Germany
1337
-17
|GaoeG| flamingo
5:16 Loom
11:25 Feudal Age
15:01 Castle Age
13:26 Double-Bit Axe
13:51 Horse Collar
16:24 Bow Saw
29:49 Stone Mining
31:11 Wheelbarrow
30:44 Town Watch
35:36 Gold Mining
39:29 Heavy Plow
46:14 Imperial Age
44:14 Squires
44:22 Pikeman
45:40 Scale Mail Armor
46:31 Hand Cart
46:51 Halberdier
47:52 Chain Mail Armor
49:19 Plate Mail Armor
49:00 Forging
50:51 Conscription
51:40 Iron Casting
51:24 Scale Barding Armor
54:50 Chemistry
60:21 Chain Barding Armor
61:02 Blast Furnace
60:50 Bloodlines
60:41 Husbandry
60:01 Light Cavalry
61:01 Hussar
62:19 Plate Barding Armor
64:47 Padded Archer Armor
71:02 Arson
JITANOmaleant7
11:02 Feudal Age
14:57 Castle Age
13:42 Loom
13:40 Horse Collar
13:51 Double-Bit Axe
16:12 Bow Saw
16:41 Wheelbarrow
21:21 Fletching
23:14 Gold Mining
25:17 Bodkin Arrow
26:58 Bodkin Arrow
27:37 Bloodlines
27:28 Husbandry
31:02 Imperial Age
28:33 Heavy Plow
31:20 Thumb Ring
31:37 Ballistics
31:28 Scale Barding Armor
32:57 Bracer
33:08 Padded Archer Armor
34:12 Chemistry
33:20 Heavy Cavalry Archer
35:04 Parthian Tactics
35:45 Leather Archer Armor
35:51 Marauders
36:20 Chain Barding Armor
36:56 Light Cavalry
38:14 Plate Barding Armor
37:49 Forging
43:18 Iron Casting
50:57 Conscription
51:56 Hussar
60:50 Blast Furnace
Fränk
11:17 Feudal Age
15:13 Castle Age
14:03 Double-Bit Axe
14:09 Loom
15:17 Stone Mining
16:52 Wheelbarrow
23:31 Ballistics
23:39 Elite Skirmisher
24:13 Fletching
24:23 Padded Archer Armor
29:37 Bodkin Arrow
36:34 Imperial Age
37:07 Husbandry
37:23 Scale Barding Armor
37:39 Hand Cart
46:08 Cavalier
itzhackingpvp
11:17 Feudal Age
9:33 Loom
14:57 Castle Age
13:19 Double-Bit Axe
14:28 Fletching
14:42 Horse Collar
16:32 Stone Mining
20:15 Bow Saw
21:19 Bodkin Arrow
26:42 Wheelbarrow
27:40 Heavy Plow
29:04 Gold Mining
30:28 Hand Cart
29:59 Town Watch
32:49 Stone Shaft Mining
36:14 Imperial Age
35:44 Husbandry
35:57 Bloodlines
36:20 Scale Barding Armor
36:26 Forging
36:16 Cavalier
38:07 Chain Barding Armor
39:37 Plate Barding Armor
39:38 Paladin
43:10 Iron Casting
44:05 Caravan
44:38 Coinage
44:57 Conscription
45:50 Two-Man Saw
47:32 Fortified Wall
47:33 Masonry
48:54 Scale Mail Armor
49:35 Banking
50:33 Blast Furnace
49:50 Chain Mail Armor
49:00 Man-at-Arms
49:50 Gambesons
50:06 Squires
49:54 Long Swordsman
50:29 Two-Handed Swordsman
51:41 Plate Mail Armor
51:07 Light Cavalry
52:08 Arson
52:26 Champion
54:41 Hoardings
55:56 Bracer
55:56 Padded Archer Armor
56:05 Padded Archer Armor
56:39 Architecture
57:10 Chemistry
55:48 Elite Skirmisher
57:07 Leather Archer Armor
57:03 Thumb Ring
57:43 Pikeman
59:04 Halberdier
61:27 Ring Archer Armor
61:38 Supremacy
Connection lost

Rejoining the realm…

Still unreachable

The connection could not be restored.

Session expired

The server has moved on; the page needs a fresh start.